 Dungeon Crawl Stone Soup version 0.31.0-11-ge490571c62 (webtiles) character file.

Game seed: 2465544385191958636

67 Strat the Ruffian (level 3, -8/29 HPs)
             Began as a Demigod Shapeshifter on Jan 29, 2024.
             Killed from afar by an orc wizard (10 damage)
             ... with a puff of flame
             ... on level 3 of the Dungeon.
             The game lasted 00:01:42 (1331 turns).

Strat the Ruffian (Demigod Shapeshifter)            Turns: 1331, Time: 00:01:42

Health: -8/29      AC:  2    Str: 19    XL:     3   Next: 70%
Magic:  5/5        EV: 12    Int: 12    God:
Gold:   122        SH:  0    Dex: 13    Spells: 2/2 levels left

rFire   . .          .
                       - Unarmed
rCold   . . .        (no shield)
rNeg    . . .        a - +0 animal skin
rPois   .            (helmet currently unavailable)
rElec   .            (cloak currently unavailable)
rCorr   .            (gloves currently unavailable)
SInv    .            (boots currently unavailable)
Will    .....        (no amulet)
Stlth   +            (no ring)
HPRegen 0.24/turn    (no ring)
MPRegen 0.09/turn

%: no passive effects
@: beast-form
A: beast (slay +1), high MP 1, forlorn, divine attributes
a: Begin Untransformation


You were on level 3 of the Dungeon.
You were a hulking beast.
You visited 1 branch of the dungeon, and saw 3 of its levels.

You collected 122 gold pieces.

Inventory:

Armour
 a - a +0 animal skin (worn)
Talismans
 c - a beast talisman
 d - a flux talisman
 j - a blade talisman
Scrolls
 f - a scroll of blinking {unknown}
 h - 2 scrolls of fear {unknown}
 k - a scroll of revelation {unknown}
 m - 2 scrolls of identify {unknown}
Potions
 b - a potion of lignification
 e - 2 potions of might {unknown}
 g - 2 potions of heal wounds {unknown}
 i - a potion of curing {unknown}
 l - a potion of haste {unknown}
 n - a potion of enlightenment {unknown}


   Skills:
 + Level 1.6 Fighting
 - Level 1.7 Dodging
 * Level 3.5 Unarmed Combat
 * Level 3.3 Shapeshifting


You had 2 spell levels left.
You didn't know any spells.
Your spell library was empty.

Dungeon Overview and Level Annotations

Branches:
Dungeon (3/15)


Innate Abilities, Weirdness & Mutations

You are a hulking beast.
Your limbs bulge with bestial killing power. (Slay +1)
You have an increased reservoir of magic. (+10% MP)
You shall have no god before yourself.
Your divine heritage dramatically boosts your attributes as you level up.


Message History

You hit something but do no damage. Something hits you.
You closely miss something. Something barely misses you.
You miss something. Something hits you.
You hit something but do no damage. Something hits you but does no damage.
You miss something. Something hits you.
* * * LOW HITPOINT WARNING * * *
You barely miss something. Something hits you.
* * * LOW HITPOINT WARNING * * *
You hit something but do no damage. Something barely misses you.
You hit something. You hit something. Something hits you but does no damage.
You miss something. Something hits you.
* * * LOW HITPOINT WARNING * * *
You hit something but do no damage. You punch something.
You hear some strange, mumbled words.
A puff of flame appears from out of thin air!
The puff of flame hits you!
* * * LOW HITPOINT WARNING * * *
You completely miss something. Something hits you but does no damage.
You hit something. Your punch misses something.
You hear some strange, mumbled words.
You are confused.
An orc wizard appears from thin air!
Reactivating autopickup.
The orc wizard misses you. The orc wizard closely misses you.
You hit the orc wizard but do no damage.
The orc wizard is severely wounded.
The orc wizard hits you with a +0 dagger.
* * * LOW HITPOINT WARNING * * *
The orc wizard attacks as it pursues you!
The orc wizard completely misses you.
The orc wizard hits you with a +0 dagger.
* * * LOW HITPOINT WARNING * * *
You bump into the rock wall.
The orc wizard barely misses you.
You bump into the rock wall.
You feel less confused.
The orc wizard points at you and mumbles some strange words.
The puff of flame hits you!
You die...

♣♣......♣♣.♣♣ #.#
♣♣♣♣♣♣♣♣♣♣♣ #.# #.# #.#
##############
.............#
.............############
................o.......#
..............).h....<..#
...............#'#......#
..............##.##.....#
..............#...#.#####
.#............#8.8#.# .#
..........#...#.# .#
.......####'#### .....
... .#### ...


You could see an orc wizard.

Vanquished Creatures
  2 adders
  2 dart slugs (D:3)
  2 orcs (D:3)
  4 endoplasms
  5 giant cockroaches
  7 goblins
  2 hobgoblins
  3 jackals (D:1)
  4 kobolds (D:1)
  A quokka (D:1)
  A ball python (D:1)
  A bat (D:3)
  3 frilled lizards
  2 rats
39 creatures vanquished.

Notes
Turn   | Place    | Note
-------+----------+-------------------------------------------
     0 | D:1      | Strat the Demigod Shapeshifter began the quest for the Orb.
     0 | D:1      | Reached XP level 1. HP: 15/15 MP: 3/3
    44 | D:1      | Reached skill level 1 in Fighting
   162 | D:1      | Reached XP level 2. HP: 13/23 MP: 4/4
   743 | D:2      | Reached XP level 3. HP: 23/28 MP: 5/5
   854 | D:2      | You fall into a shaft and drop 1 floor!
  1331 | D:3      | Killed from afar by an orc wizard

Illustrated notes

Levels and vault maps discovered:
D:1:      spicycebolla_arrival_clurvy, layout_basic, minmay_misc_feat_room
D:2:      layout_loops_ring, basic_altar,
          shapermc_ecumenical_altar_starsandcircs, uniq_natasha, uniq_sigmund
D:3:      kb_forest_paths, layout_basic, hangedman_abyss_or_decor_lesser_grid,
          pf_guarded_unrand_delatra

Skill      XL: |  1  2 |
---------------+-------+-----
Fighting       | 1 |  1.6
Unarmed Combat | 3 |  3.5
Shapeshifting  | 3 |  3.3
Dodging        | |  1.7

Action                     || total
---------------------------++-------
  Melee: Unarmed           ||   131
         Punch             ||     1
   Stab: Sleeping          ||     1
 Armour: Animal skin       ||    86
  Dodge: Dodged            ||    76
